 Dungeon Crawl Stone Soup version 0.28.0-53-g5a82cb258f (webtiles) character file.

Game seed: 408623838799413227

44 mcbry74 the Chucker (level 3, -9/21 HPs)
             Began as a Kobold Hunter on June 22, 2022.
             Mangled by an ogre
             ... wielding a +0 giant club
              (30 damage)
             ... on level 2 of the Dungeon.
             The game lasted 00:02:37 (1926 turns).

mcbry74 the Chucker (Kobold Hunter)                 Turns: 1926, Time: 00:02:37

Health: -9/21      AC:  3    Str:  9    XL:     3   Next: 85%
Magic:  3/3        EV: 14    Int: 14    God:
Gold:   61         SH:  0    Dex: 15    Spells: 2/2 levels left

rFire   . . .      SeeInvis .   h - +0 dagger
rCold   . . .      Faith    .   (no shield)
rNeg    . . .      Spirit   .   b - +0 leather armour
rPois   .          Reflect  .   (no helmet)
rElec   .          Harm     .   (no cloak)
rCorr   .          Rampage  .   (no gloves)
Will    .....                   (no boots)
Stlth   +++.......              (no amulet)
HPRegen 0.07/turn               (no ring)
MPRegen 0.08/turn               (no ring)

@: no status effects
A: small, no large weapons, nightstalker 3
a: no special abilities


You were on level 2 of the Dungeon.
You visited 1 branch of the dungeon, and saw 2 of its levels.

You collected 61 gold pieces.

Inventory:

Hand Weapons
 a - a +0 short sword
 h - a +0 dagger (weapon)
Missiles
 c - 10 boomerangs (quivered)
 d - 2 throwing nets
Armour
 b - a +0 leather armour (worn)
Scrolls
 e - 4 scrolls of holy word {unknown}
 g - a scroll of amnesia {unknown}
Potions
 f - a potion of flight {unknown}
 i - a potion of brilliance {unknown}


   Skills:
 - Level 2.1 Fighting
 * Level 2.8 Short Blades
 + Level 4.7 Throwing
 - Level 2.4 Dodging
 + Level 2.7 Stealth


You had 2 spell levels left.
You didn't know any spells.
Your spell library was empty.

Dungeon Overview and Level Annotations

Branches:
Dungeon (2/15)

Altars:


Innate Abilities, Weirdness & Mutations

You are small and have problems with some larger weapons.
You are completely attuned to the shadows.


Message History

The jackal misses you.
You hit the jackal.
The jackal is heavily wounded.
The jackal misses you.
You closely miss the jackal. You punch the jackal.
The jackal is severely wounded.
The jackal closely misses you.
You hit the jackal but do no damage.
The jackal is severely wounded.
The jackal bites you but does no damage.
You barely miss the jackal.
The jackal is severely wounded.
The jackal completely misses you.
You closely miss the jackal.
The jackal is severely wounded.
The jackal bites you but does no damage.
You hit the jackal.
The jackal is almost dead.
The jackal misses you. The jackal barely misses you.
You hit the jackal but do no damage.
The jackal is almost dead.
The jackal closely misses you.
You hit the jackal.
You kill the jackal!
e - 4 scrolls labelled FEAKKUGOMM (gained 3)
You see here a jackal corpse.
You see here a jackal corpse.
You see here a jackal corpse.
You open the door.
There is an open door here.
You open the door.
An ogre comes into view. It is wielding a +0 giant club.
There is an open door here.
Found a scroll labelled BAOSUNU VUU.
The helpless ogre fails to defend itself.
You impale the ogre!!
The ogre is severely wounded.
The ogre hits you with a +0 giant club!!
Ouch! That really hurt!
You die...

#.#+####
#......#
#......#
#......# #?....#
#......' #.....#
#......# #.....#
#......# #...O.#
#.###### #...@.#
#.# #.....# #.#
##.#'#########.#
#.#...........#
. #############


You could see an ogre.

Vanquished Creatures
  3 dart slugs (D:1)
  5 ball pythons (D:1)
  A bat (D:1)
  5 endoplasms (D:1)
  2 giant cockroaches (D:1)
  A goblin (D:1)
  3 hobgoblins (D:1)
  4 jackals (D:2)
  3 kobolds (D:1)
  2 quokkas (D:1)
  A frilled lizard (D:1)
  2 rats (D:1)
32 creatures vanquished.

Notes
Turn   | Place    | Note
-------+----------+-------------------------------------------
     0 | D:1      | mcbry74 the Kobold Hunter began the quest for the Orb.
     0 | D:1      | Reached XP level 1. HP: 12/12 MP: 1/1
   281 | D:1      | Reached skill level 1 in Short Blades
   407 | D:1      | Reached XP level 2. HP: 17/17 MP: 2/2
   779 | D:1      | Reached XP level 3. HP: 21/21 MP: 3/3
  1922 | D:2      | Noticed an ogre
  1926 | D:2      | Mangled by an ogre

Illustrated notes

Levels and vault maps discovered:
D:1:      wheals_arrival_shading, layout_basic, st_stairs_7,
          chequers_serial_rivers_room_b
D:2:      layout_basic, shapermc_ecumenical_altar_petra, uniq_natasha

Skill      XL: |  1  2 |
---------------+-------+-----
Short Blades   | 1 2 |  2.8
Stealth        | 2 |  2.7
Fighting       | |  2.1
Throwing       | |  4.7
Dodging        | |  2.4

Action                   || total
-------------------------++-------
Melee: Short sword       ||    74
       Dagger            ||    51
       Punch             ||     2
Throw: Boomerang         ||     5
 Stab: Sleeping          ||    16
Armor: Leather armour    ||    22
Dodge: Dodged            ||    70
